 Dungeon Crawl Stone Soup version 0.18.1-5-g4a78601 (webtiles) character file.

133 Guinours the Charmwright (level 4, -9/38 HPs)
             Began as a Draconian Skald on May 13, 2016.
             Mangled by an ogre
             ... wielding a +0 giant club
              (29 damage)
             ... on level 4 of the Dungeon.
             The game lasted 00:18:13 (3348 turns).

Guinours the Charmwright (Draconian Skald)          Turns: 3348, Time: 00:18:15

Health: -9/38      AC:  5    Str: 14    XL:     4   Next: 94%
Magic:  4/8        EV: 12    Int: 12    God:
Gold:   159        SH:  0    Dex: 12    Spells: 1 memorised, 7 levels left

rFire  . . .     SeeInvis .       - Unarmed
rCold  + . .     Gourm    .     (armour unavailable)
rNeg   . . .     Faith    .     (no shield)
rPois  .         Spirit   .     (helmet restricted)
rElec  .         Dismiss  .     (no cloak)
rCorr  .         Reflect  .     (no gloves)
SustAt .         Harm     .     (no boots)
MR     .....                    (no amulet)
Stlth  +.........               k - ring of protection from cold
                                (no ring)

@: infused, not resistant to hostile enchantments, very unstealthy
A: unfitting armour, cold-blooded, AC +5
a: no special abilities


You were on level 4 of the Dungeon.
You were not hungry.

You visited 1 branch of the dungeon, and saw 4 of its levels.

You collected 159 gold pieces.

Inventory:

Missiles
 e - 82 stones (quivered)
Jewellery
 c - an uncursed ring of loudness
 k - a ring of protection from cold (right hand)
Wands
 q - a wand of disintegration (18/24)
Scrolls
 d - a scroll of enchant armour
 g - a scroll of identify {unknown}
 m - 2 scrolls of remove curse
 o - a scroll of enchant weapon {unknown}
Potions
 h - 2 potions of heal wounds {unknown}
 i - a potion of cure mutation {unknown}
 l - a potion of curing {unknown}
 p - a potion of lignification {unknown}
Books
 a - a book of Battle

   Spells                             Type                      Level
   a - Infusion                       Charms                       1
   b - Shroud of Golubria             Charms/Translocation         2
   c - Song of Slaying                Charms                       2
   d - Spectral Weapon                Hexes/Charms                 3
   e - Regeneration                   Charms/Necromancy            3
Comestibles
 b - 4 bread rations
 f - 3 beef jerkies
 j - a meat ration
 n - a fruit


   Skills:
 + Level 3.0 Fighting
 + Level 1.8 Dodging
 * Level 3.2 Unarmed Combat
 + Level 2.7 Spellcasting
 + Level 3.4 Charms


You had 7 spell levels left.
You knew the following spells:

 Your Spells              Type           Power        Failure   Level  Hunger
a - Infusion              Chrm           #...         8%          1    #......


Dungeon Overview and Level Annotations

Branches:
Dungeon (4/15)
 Temple: D:4-7

Altars:
Elyvilon
Zin


Innate Abilities, Weirdness & Mutations

Your plain brown scales are hard (AC +5).
Your body does not fit into most forms of armour.
You are cold-blooded and may be slowed by cold attacks.


Message History

b - 4 bread rations (gained 1)
Your magical contamination has completely faded away.
An ogre comes into view. It is wielding a giant club.
Casting: Infusion
Confirm with . or Enter, or press ? or * to list all spells.
You begin infusing your attacks with magical energy.
The ogre barely misses you.
You hit the ogre.
The ogre is lightly wounded.
The ogre barely misses you.
You barely miss the ogre.
The ogre is lightly wounded.
You hit the ogre.
Your tail-slap misses the ogre.
The ogre is lightly wounded.
The ogre hits you with a giant club!!
You hit the ogre. You tail-slap the ogre.
The ogre is moderately wounded.
The ogre hits you with a giant club!!
Ouch! That really hurt!
You die...

#.# #.# #.# ###
... ..# ##.##
#.# ...# #.#
#..# #.# .
#######.O# #<#
.8. ........@#
##.####.....
########.#
#...........
#.#
#..########.
#.# #..#
#.####..#######
#..............
######...######
#...# ....#


You could see an ogre.

Vanquished Creatures
  4 adders
  An adder skeleton (D:3)
  2 dart slugs
  3 worms
  3 giant geckos
  An orc (D:3)
  A ball python (D:2)
  3 giant cockroaches
  2 goblins
  14 hobgoblins
  8 jackals
  14 kobolds
  2 quokkas (D:2)
  6 bats
  3 giant newts (D:1)
  A quokka zombie (D:4)
  7 rats
75 creatures vanquished.

Notes
Turn   | Place    | Note
--------------------------------------------------------------
     0 | D:1      | Guinours the Draconian Skald began the quest for the Orb.
     0 | D:1      | Reached XP level 1. HP: 17/17 MP: 3/3
   250 | D:1      | Reached XP level 2. HP: 19/24 MP: 0/5
   841 | D:1      | Reached XP level 3. HP: 29/30 MP: 3/6
  1583 | D:2      | Reached XP level 4. HP: 23/37 MP: 5/7
  2185 | D:2      | Found a glowing silver altar of Zin.
  2374 | D:3      | Found a white marble altar of Elyvilon.
  3338 | D:4      | Noticed an ogre
  3348 | D:4      | Mangled by an ogre

Skill      XL: |  1  2  3  4 |
---------------+-------------+-----
Charms         | 3 |  3.4
Unarmed Combat | 3 |  3.2
Fighting       | 3 |  3.0
Dodging        | |  1.8
Spellcasting   | |  2.7

Action                   |  1- 3 |  4- 6 || total
-------------------------+-------+-------++-------
Melee: Unarmed           |   150 |   113 ||   263
       Tailslap          |    17 |    13 ||    30
 Cast: Infusion          |    17 |    22 ||    39
  Use: Scroll            |     3 |     2 ||     5
  Eat: Chunk             |     3 |     5 ||     8
       Fruit             |       |     1 ||     1
Armor: Skin              |    52 |    26 ||    78
Dodge: Dodged            |    88 |    70 ||   158
